 Dungeon Crawl Stone Soup version 0.30-a0-373-gd37427bb62 (webtiles) character file.

Game seed: 13585430728317313855

3968 karrick the Basher (level 10, -12/61 HPs)
             Began as a Gargoyle Fighter on Sept 17, 2022.
             Was an Elder of Okawaru.
             Mangled by a komodo dragon (18 damage)
             ... on level 7 of the Dungeon on Nov 23, 2022.
             The game lasted 00:13:27 (5896 turns).

karrick the Basher (Gargoyle Fighter)               Turns: 5896, Time: 00:13:28

Health: -12/61     AC: 33    Str: 20    XL:     10   Next: 22%
Magic:  10/10      EV:  9    Int: 15    God:    Okawaru [****..]
Gold:   1847       SH: 11    Dex: 13    Spells: 9/9 levels left

rFire   . . .      SeeInvis .    s - +2 mace (protect)
rCold   . . .      Faith    .    c - +0 buckler
rNeg    + + .      Spirit   .    H - +4 pearl dragon scales of the Valley of Death {-Tele rN+ Regen+ Int+6}
rPois   ∞          Reflect  +    S - +0 helmet
rElec   +          Harm     .    (no cloak)
rCorr   +          Rampage  .    (no gloves)
Will    .....      NoTele   +    L - +0 pair of boots {Fly}
Stlth   ..........               q - amulet of reflection
HPRegen 1.10/turn                r - ring of wizardry
MPRegen 0.12/turn                D - ring "Senoph" {rPois rCorr}

@: under a protective aura, flying
A: sickness immunity, AC +7, negative energy resistance 1, electricity
resistance, torment resistance 1, petrification resistance
a: Renounce Religion, Heroism, Finesse


You were on level 7 of the Dungeon.
You worshipped Okawaru.
Okawaru was greatly pleased with you.
You visited 2 branches of the dungeon, and saw 9 of its levels.
You also visited: Bailey.

You collected 1847 gold pieces.

Inventory:

Hand Weapons
 a - a +0 flail
 p - a +2 whip of pain
 s - a +2 mace of protection (weapon)
 A - a +5 mace
 P - a +1 morningstar of holy wrath
 U - a +2 morningstar
Missiles
 F - 2 throwing nets
 G - 22 boomerangs (quivered)
Armour
 b - a +0 scale mail
 c - a +0 buckler (worn)
 y - the +1 leather armour "Teesium" {rF+ Regen+ Int-4 Slay+2}
   (You found it on level 4 of the Dungeon)

   Int:       It affects your intelligence (-4).
   Slay:      It affects your accuracy & damage with ranged weapons and melee
   (+2).
   rF:        It protects you from fire.
   Regen:     It increases your rate of health regeneration.
 H - the +4 pearl dragon scales of the Valley of Death (worn) {-Tele rN+ Regen+ Int+6}
   (You took it off a kobold in a bailey)

   Int:       It affects your intelligence (+6).
   rN:        It protects you from negative energy.
   -Tele:     It prevents most forms of teleportation.
   Regen:     It increases your rate of health regeneration.
 L - a +0 pair of boots of flying (worn)
 S - a +0 helmet (worn)
Jewellery
 q - an amulet of reflection (around neck)
 r - a ring of wizardry (left hand)
 v - an amulet of guardian spirit
 D - the ring "Senoph" (right hand) {rPois rCorr}
   (You found it on level 7 of the Dungeon)

   [ring of poison resistance]

   rPois:     It protects you from poison.
   rCorr:     It protects you from acid and corrosion.
 J - a ring of flight
Wands
 f - a wand of paralysis (13)
 t - a wand of mindburst (17)
 w - a wand of flame (6)
 M - a wand of quicksilver (11)
Scrolls
 d - 4 scrolls of amnesia
 g - a scroll of acquirement
 h - a scroll of torment
 i - a scroll of silence
 j - 2 scrolls of vulnerability
 l - 8 scrolls of teleportation
 o - 2 scrolls of immolation
 u - a scroll of poison
 x - a scroll of fog
 E - 3 scrolls of identify
 K - a scroll of noise {unknown}
 O - a scroll of blinking
 R - a scroll of enchant weapon {unknown}
 T - a scroll of fear {unknown}
Potions
 e - 3 potions of curing {unknown}
 k - a potion of lignification {unknown}
 m - a potion of invisibility {unknown}
 n - 2 potions of degeneration {unknown}
 z - a potion of attraction {unknown}
 B - a potion of magic {unknown}
 C - a potion of mutation {unknown}
 I - 2 potions of flight
 N - a potion of berserk rage {unknown}
 Q - a potion of cancellation {unknown}


   Skills:
 + Level 6.5 Fighting
 + Level 10.3 Maces & Flails
 + Level 0.3 Throwing
 + Level 5.6 Armour
 + Level 2.4 Stealth
 + Level 9.0 Shields


You had 9 spell levels left.
You didn't know any spells.
Your spell library contained the following spells:

 Spells                   Type           Power      Damage    Failure   Level
 Blink                    Tloc           0%         N/A       52%         2
 Momentum Strike          Conj/Tloc      0%         3d8       52%         2
 Lesser Beckoning         Tloc           0%         N/A       75%         3
 Ozocubu's Armour         Ice            0%         N/A       75%         3
 Ozocubu's Refrigeration  Ice            0%         4d7       100%        7


Dungeon Overview and Level Annotations

Branches:
Dungeon (8/15)             Temple (1/1) D:4            Lair (0/5) D:8
 Bailey (visited)

Altars:
Ashenzari
Cheibriados
Gozag
Hepliaklqana
Okawaru
Qazlal
Ru
Sif Muna
Trog
Wu Jian
Xom
Yredelemnul
Lugonu

Shops:
D:7 ((

Annotations:
D:5 Menkaure


Innate Abilities, Weirdness & Mutations

You are immune to sickness and miasma.
Your stone body is resilient. (AC +7)
You are immune to poison.
You resist negative energy. (rN+)
You are resistant to electric shocks. (rElec)
You are resistant to unholy torment.
You are immune to petrification.


Message History

Okawaru accepts your kill.
You hit the komodo dragon.
The komodo dragon is lightly wounded.
You block the komodo dragon's attack.
You barely miss the komodo dragon.
The komodo dragon is lightly wounded.
The komodo dragon closely misses you.
You sock the komodo dragon!
The komodo dragon is moderately wounded.
The komodo dragon bites you!!
You closely miss the komodo dragon.
The komodo dragon is moderately wounded.
You sock the komodo dragon!
The komodo dragon is heavily wounded.
The komodo dragon bites you!!
* * * LOW HITPOINT WARNING * * *
You are too injured to fight recklessly!
You are too injured to fight recklessly!
You are too injured to fight recklessly!
You are too injured to fight recklessly!
You are too injured to fight recklessly!
You are too injured to fight recklessly!
You are too injured to fight recklessly!
You are too injured to fight recklessly!
You hit the komodo dragon but do no damage.
The komodo dragon is heavily wounded.
The komodo dragon bites you.
* * * LOW HITPOINT WARNING * * *
You hit the komodo dragon but do no damage.
The komodo dragon is heavily wounded.
The komodo dragon bites you!
* * * LOW HITPOINT WARNING * * *
You hit the komodo dragon but do no damage.
The komodo dragon is heavily wounded.
The komodo dragon completely misses you.
Okay, then.
You barely miss the komodo dragon.
The komodo dragon is heavily wounded.
The komodo dragon bites you!!
You die...

##(# .#.## #..#.#.#.
...)#########
#/.......
..#.........# #....#.#
#...#######.# #...#..#
##.## #.# #.....!
#.########.####.>.##.#
#..............).....#
###########.....@l.#
.#### #.######.# .....
#.# # #### #.# # #.# #
#.# # #.# #


You could see a komodo dragon.

Vanquished Creatures
  Pikel (D:5)
  Grum (D:8)
  An ice beast (D:5)
  2 water moccasins
  9 orc warriors
  An ogre (D:4)
  2 wolves (D:8)
  3 phantoms
  3 centaurs
  2 bullfrogs
  A necrophage (D:6)
  2 scorpions (D:5)
  10 wights
  A howler monkey (D:5)
  2 hounds
  3 orc priests
  A gnoll bouda (D:6)
  3 jellies
  2 iguanas (D:5)
  17 gnolls
  10 adders
  A white imp (D:6)
  2 worms
  4 dart slugs
  27 orcs
  5 ball pythons
  7 bats
  6 endoplasms
  5 giant cockroaches
  10 goblins
  8 hobgoblins
  4 jackals (D:2)
  18 kobolds
  5 quokkas
  3 frilled lizards
  13 rats
195 creatures vanquished.

Vanquished Creatures (others)
  2 plants (D:3)
2 creatures vanquished.

Grand Total: 197 creatures vanquished

Notes
Turn   | Place    | Note
-------+----------+-------------------------------------------
     0 | D:1      | karrick the Gargoyle Fighter began the quest for the Orb.
     0 | D:1      | Reached XP level 1. HP: 14/14 MP: 1/1
    24 | D:1      | Upgraded the game from 0.30-a0-122-g2a1322497e to
                  | 0.30-a0-373-gd37427bb62
   129 | D:1      | Reached XP level 2. HP: 19/19 MP: 2/2
   278 | D:1      | Reached XP level 3. HP: 24/24 MP: 3/3
   633 | D:2      | Reached skill level 3 in Maces & Flails
   682 | D:2      | Reached XP level 4. HP: 29/29 MP: 4/4
  1408 | D:2      | Reached XP level 5. HP: 33/33 MP: 5/5
  1726 | D:3      | Found a basalt altar of Yredelemnul.
  1834 | D:3      | Reached skill level 4 in Maces & Flails
  2611 | D:4      | Reached XP level 6. HP: 12/38 MP: 6/6
  2888 | D:4      | Reached skill level 5 in Maces & Flails
  2891 | D:4      | Reached XP level 7. HP: 21/44 MP: 7/7
  3063 | D:4      | Found a staircase to the Ecumenical Temple.
  3146 | D:4      | Identified the +1 leather armour "Teesium" {rF+ Regen+
                  | Int-4 Slay+2}
  3606 | Temple   | Entered the Ecumenical Temple
  3642 | Temple   | Became a worshipper of Warmaster Okawaru
  3677 | D:5      | Entered Level 5 of the Dungeon
  3682 | D:5      | Noticed Pikel
  3710 | D:5      | Killed Pikel
  3710 | D:5      | Reached * piety under Okawaru
  3711 | D:5      | Reached skill level 5 in Fighting
  3711 | D:5      | Reached skill level 6 in Maces & Flails
  3711 | D:5      | Reached skill level 5 in Armour
  3711 | D:5      | Reached skill level 1 in Stealth
  3711 | D:5      | Reached skill level 5 in Shields
  3711 | D:5      | Reached XP level 8. HP: 49/49 MP: 8/8
  3850 | D:5      | Reached skill level 7 in Maces & Flails
  3867 | D:5      | Reached ** piety under Okawaru
  4112 | D:5      | Found a stormy altar of Qazlal.
  4152 | D:5      | Noticed Menkaure
  4240 | D:6      | Reached XP level 9. HP: 50/55 MP: 9/9
  4241 | D:6      | Reached skill level 8 in Maces & Flails
  4457 | D:6      | Found a shimmering blue altar of Sif Muna.
  4460 | D:6      | You fall into a shaft and drop 2 floors!
  4468 | D:8      | Identified a scroll of acquirement
  4484 | D:7      | Found Iriudot's Antique Weapon Shoppe.
  4498 | D:7      | Reached *** piety under Okawaru
  4522 | D:7      | Found Plog's Weapon Shoppe.
  4525 | D:7      | Identified the ring "Senoph" {rPois rCorr}
  4591 | D:8      | Found a flagged portal.
  4601 | Bailey   | Entered a bailey
  4667 | Bailey   | Identified the +4 pearl dragon scales of the Valley of
                  | Death {-Tele rN+ Regen+ Int+6}
  4930 | Bailey   | Reached skill level 9 in Maces & Flails
  5221 | D:8      | Reached **** piety under Okawaru
  5336 | D:8      | Found a bloodstained altar of Trog.
  5517 | D:8      | Noticed Grum
  5536 | D:8      | Killed Grum
  5537 | D:8      | Reached skill level 10 in Maces & Flails
  5537 | D:8      | Reached XP level 10. HP: 49/60 MP: 10/10
  5568 | D:8      | Found a staircase to the Lair.
  5856 | D:7      | Received a gift from Okawaru
  5896 | D:7      | Mangled by a komodo dragon

Illustrated notes

Levels and vault maps discovered:
D:1:      minmay_arrival_stone_box, layout_rooms
D:2:      layout_basic, minmay_unequal
D:3:      layout_loops_ring, mainiacjoe_overflow_tiny_flanked,
          amcnicky_mini_pool_small, serial_bayou_lagoon_a,
          chequers_serial_rivers_room_b, kennysheep_orc_chapel
D:4:      layout_basic, temple_fountains
D:5:      kennysheep_six_static_rooms, layout_basic,
          nicolae_dithmenos_through_a_glass_darkly, grunt_temple_overflow_open,
          gammafunk_ghost_necromancy, uniq_menkaure, uniq_pikel,
          uniq_prince_ribbit1
D:6:      layout_basic, lemuel_round_altar, chequers_serial_rivers_room_b,
          uniq_grinder
D:7:      layout_loops_ring, nicolae_vehumet_radiance, serial_shops,
          nicolae_stop_n_shop_1, shop, nicolae_square_shop, nicolae_shop_stone,
          nrook_uturn, uniq_joseph
D:8:      layout_cave_pools, amcnicky_altar_gilded, lair_entry_dummy,
          enter_bailey_8, special_room [special_room_orc], uniq_grum
Temple:   corrupted_temple

Skill      XL: |  1  2  3  4  5  6  7  8  9 10 |
---------------+-------------------------------+-----
Maces & Flails | 3 4 5 6 7 10 | 10.3
Fighting       | 4 5 6 |  6.5
Armour         | 4 5 |  5.6
Shields        | 4 5 6 8 9 |  9.0
Stealth        | 1 2 |  2.4
Throwing       | |  0.3

Action                   |  1- 3 |  4- 6 |  7- 9 | 10-12 || total
-------------------------+-------+-------+-------+-------++-------
Melee: Flail             |   123 |   106 |       |       ||   229
       Mace              |       |    63 |   414 |    83 ||   560
Throw: Boomerang         |       |       |     5 |       ||     5
Invok: Heroism           |       |       |     1 |       ||     1
  Use: Potion            |       |     2 |       |       ||     2
       Scroll            |       |       |    10 |       ||    10
 Stab: Sleeping          |       |       |     1 |       ||     1
Armor: Scale mail        |    59 |    80 |    18 |       ||   157
       Leather armour    |       |       |   119 |     5 ||   124
       Pearl dragon scal |       |       |       |    36 ||    36
Dodge: Dodged            |    57 |    74 |   133 |    21 ||   285
Block: Buckler           |    27 |    53 |   200 |    29 ||   309
       Reflection        |       |       |    21 |     4 ||    25

Table legend: (Time is in decaauts)
 A = Elapsed time spent in this place.
 B = Non-inter-level travel time spent in this place.
 C = Inter-level travel time spent in this place.
 D = Time resting spent in this place.
 E = Time spent auto-exploring this place.
 F = Levels seen in this place.
 G = Mean time per level.
                   A        B        C        D        E       F      G
               +--------+--------+--------+--------+--------+-----+--------+
         Total |   5991 |   5771 |    220 |      4 |   3838 |  10 |  599.1 |
       Dungeon |   5422 |   5222 |    200 |      0 |   3737 |   8 |  677.8 |
        Temple |     50 |     30 |     20 |      0 |     22 |   1 |   50.0 |
        Bailey |    518 |    518 |      0 |      4 |     79 |   1 |  518.0 |
               +--------+--------+--------+--------+--------+-----+--------+

Top non-repeatable levels by time:
     D:2: 1249 daAuts
     D:4: 1107 daAuts
     D:3: 848 daAuts
     D:8: 672 daAuts
  Bailey: 518 daAuts
     D:1: 515 daAuts
     D:5: 511 daAuts
     D:6: 284 daAuts
     D:7: 234 daAuts
  Temple: 50 daAuts
